3103 views
Uploaded 2020-03-23 15:21:02
Game version 1.32.3
25:50 long 4on4 ladder game on (8)Deadlock_LV
Saved by BaDitO2
3103 views
Uploaded 2020-03-23 15:21:02
Game version 1.32.3
25:50 long 4on4 ladder game on (8)Deadlock_LV


227 units @ 37.2k
/ 5k
72 buildings @ 10.8k
/ 3.9k


| Rod of Necromancy | 3 | 450 |
| Orb of Corruption | 1 | 375 |
| Scroll of Town Portal | 1 | 350 |
| Scroll of Healing | 1 | 250 |
| total: | 6 | 1425g |
| Acolyte | 3 | 225 | / | 0 |
| Ghoul | 4 | 480 | / | 0 |
| Crypt Fiend | 18 | 3870 | / | 720 |
| Obsidian Statue | 3 | 600 | / | 105 |
| Abomination | 4 | 960 | / | 280 |
| Raider | 3 | 540 | / | 120 |
| total: | 35 | 6675g | / | 1225w |
| Spirit Tower | 2 | 290 | / | 80 |
| Altar of Darkness | 1 | 180 | / | 50 |
| Ziggurat | 6 | 900 | / | 300 |
| Crypt | 1 | 200 | / | 50 |
| Graveyard | 1 | 215 | / | 0 |
| Tomb of Relics | 3 | 390 | / | 90 |
| Slaughterhouse | 1 | 140 | / | 135 |
| Halls of the Dead | 1 | 320 | / | 210 |
| Black Citadel | 1 | 325 | / | 230 |
| total: | 13 | 2025g | / | 625w |
| 0:04 | Acolyte |
| 0:04 | Acolyte |
| 0:07 | Altar of Darkness |
| 0:10 | Ziggurat |
| 0:34 | Crypt |
| 1:11 | Graveyard |
| 1:19 | Tomb of Relics |
| 1:22 | Tomb of Relics |
| 1:37 | Ziggurat |
| 1:56 | Ghoul |
| 1:57 | Ghoul |
| 2:12 | Death Coil |
| 2:26 | Rod of Necromancy |
| 2:37 | Crypt Fiend |
| 2:53 | Crypt Fiend |
| 3:17 | Ghoul |
| 3:17 | Ghoul |
| 4:10 | Crypt Fiend |
| 4:11 | Crypt Fiend |
| 4:29 | Spirit Tower |
| 5:25 | Halls of the Dead |
| 5:33 | Crypt Fiend |
| 5:46 | Crypt Fiend |
| 5:47 | Crypt Fiend |
| 6:37 | Ziggurat |
| 7:33 | Ziggurat |
| 7:46 | Burrow |
| 8:30 | Scroll of Town Portal |
| 8:31 | Rod of Necromancy |
| 8:36 | Black Citadel |
| 9:04 | Frost Nova |
| 9:20 | Slaughterhouse |
| 9:54 | Unholy Aura |
| 10:58 | Death Coil |
| 11:03 | Crypt Fiend |
| 11:03 | Crypt Fiend |
| 11:20 | Obsidian Statue |
| 11:20 | Obsidian Statue |
| 11:55 | Crypt Fiend |
| 12:24 | Unholy Aura |
| 13:15 | Web |
| 13:31 | Ziggurat |
| 13:33 | Ziggurat |
| 13:39 | Frost Armor |
| 14:14 | Acolyte |
| 14:38 | Rod of Necromancy |
| 14:39 | Orb of Corruption |
| 14:56 | Scroll of Healing |
| 15:50 | Raider |
| 15:50 | Raider |
| 15:51 | Raider |
| 17:18 | Abomination |
| 17:18 | Abomination |
| 17:46 | Frost Nova |
| 18:26 | Death Coil |
| 18:50 | Creature Attack |
| 18:50 | Creature Carapace |
| 20:45 | Frost Armor |
| 20:54 | Abomination |
| 20:54 | Abomination |
| 20:58 | Crypt Fiend |
| 20:58 | Crypt Fiend |
| 21:26 | Crypt Fiend |
| 21:28 | Improved Creature Attack |
| 21:28 | Unholy Armor |
| 23:00 | Tomb of Relics |
| 23:02 | Crypt Fiend |
| 23:03 | Crypt Fiend |
| 24:32 | Obsidian Statue |
| 24:34 | Crypt Fiend |
| 24:35 | Crypt Fiend |
| 24:35 | Crypt Fiend |
| 25:28 | Spirit Tower |
| Right click | 1066 |
| Select | 440 |
| Select group | 117 |
| Build/train/purchase | 92 |
| Use ability | 45 |
| Assign group | 15 |
| Remove unit | 3 |
| Item give/drop | 2 |


| Healing Salve | 4 | 400 |
| Scroll of Speed | 3 | 150 |
| Lesser Clarity Potion | 3 | 210 |
| Potion of Mana | 2 | 400 |
| Scroll of Town Portal | 1 | 350 |
| Potion of Lesser Invulnerability | 1 | 150 |
| Scroll of Protection | 1 | 150 |
| total: | 15 | 1810g |
| Peon | 16 | 1200 | / | 0 |
| Grunt | 6 | 1200 | / | 0 |
| Raider | 1 | 180 | / | 40 |
| Wind Rider | 1 | 265 | / | 40 |
| Kodo Beast | 1 | 255 | / | 60 |
| Troll Batrider | 1 | 160 | / | 40 |
| total: | 26 | 3260g | / | 180w |
| Altar of Storms | 2 | 360 | / | 100 |
| Orc Burrow | 7 | 1120 | / | 280 |
| Barracks | 1 | 180 | / | 50 |
| Voodoo Lounge | 1 | 130 | / | 30 |
| Great Hall | 1 | 385 | / | 185 |
| War Mill | 1 | 205 | / | 0 |
| Beastiary | 2 | 290 | / | 280 |
| Stronghold | 1 | 315 | / | 190 |
| Fortress | 1 | 325 | / | 190 |
| total: | 15 | 2670g | / | 925w |
| 0:02 | Peon |
| 0:02 | Peon |
| 0:04 | Altar of Storms |
| 0:05 | Altar of Storms |
| 0:16 | Orc Burrow |
| 0:30 | Peon |
| 0:35 | Barracks |
| 0:43 | Peon |
| 0:57 | Peon |
| 1:03 | Peon |
| 1:20 | Peon |
| 1:34 | Orc Burrow |
| 1:39 | Grunt |
| 1:56 | Voodoo Lounge |
| 1:58 | Peon |
| 2:11 | Feral Spirit |
| 2:31 | Grunt |
| 2:34 | Peon |
| 3:09 | Great Hall |
| 3:34 | Chain Lighting |
| 3:35 | Grunt |
| 3:49 | Healing Salve |
| 3:53 | Healing Salve |
| 3:54 | Scroll of Speed |
| 4:12 | Grunt |
| 4:35 | Stronghold |
| 5:18 | Orc Burrow |
| 5:20 | War Mill |
| 5:49 | Grunt |
| 5:56 | Healing Salve |
| 5:56 | Lesser Clarity Potion |
| 6:12 | Peon |
| 6:12 | Peon |
| 6:12 | Peon |
| 6:13 | Peon |
| 6:43 | Grunt |
| 6:47 | Orc Burrow |
| 6:49 | Peon |
| 6:54 | Chain Lighting |
| 7:03 | Beastiary |
| 7:05 | Beastiary |
| 8:26 | Ensnare |
| 8:27 | Raider |
| 8:38 | Berserker Strength |
| 8:40 | Peon |
| 8:41 | Peon |
| 8:43 | Lesser Clarity Potion |
| 8:45 | Scroll of Town Portal |
| 8:45 | Potion of Mana |
| 8:47 | Potion of Mana |
| 9:08 | Fortress |
| 9:15 | Potion of Lesser Invulnerability |
| 9:19 | Scroll of Protection |
| 9:21 | Healing Salve |
| 9:22 | Lesser Clarity Potion |
| 9:24 | Scroll of Speed |
| 9:25 | Scroll of Speed |
| 9:27 | Shockwave |
| 10:27 | Wind Rider |
| 10:28 | Kodo Beast |
| 10:34 | Orc Burrow |
| 10:34 | Orc Burrow |
| 10:57 | Feral Spirit |
| 11:34 | Troll Batrider |
| 11:36 | Liquid Fire |
| 11:37 | Orc Burrow |
| 11:39 | Reinforced Defenses |
| 11:47 | Endurance Aura |
| Right click | 966 |
| Select group | 435 |
| Select | 252 |
| Build/train/purchase | 79 |
| Assign group | 72 |
| Misc. action | 39 |
| Use ability | 27 |
| Item give/drop | 3 |
| Minimap ping | 3 |
| Remove unit | 2 |
Mélusine
(2)
(25:41) : 

| Potion of Healing | 2 | 300 |
| Scroll of Regeneration | 1 | 100 |
| total: | 3 | 400g |
| Peasant | 11 | 825 | / | 0 |
| Footman | 3 | 405 | / | 0 |
| Rifleman | 26 | 5330 | / | 780 |
| Priest | 19 | 2565 | / | 190 |
| Troll Batrider | 4 | 640 | / | 160 |
| Kodo Beast | 4 | 1020 | / | 240 |
| Troll Headhunter | 2 | 280 | / | 40 |
| Grunt | 8 | 1600 | / | 0 |
| Wind Rider | 2 | 530 | / | 80 |
| total: | 79 | 13195g | / | 1490w |
| Scout Tower | 1 | 30 | / | 20 |
| Arcane Tower | 1 | 70 | / | 50 |
| Farm | 13 | 1040 | / | 260 |
| Altar of Kings | 2 | 360 | / | 100 |
| Barracks | 2 | 320 | / | 120 |
| Blacksmith | 1 | 140 | / | 60 |
| Arcane Vault | 1 | 130 | / | 30 |
| Arcane Sanctum | 2 | 300 | / | 280 |
| Keep | 1 | 320 | / | 210 |
| Castle | 1 | 360 | / | 210 |
| total: | 22 | 2320g | / | 870w |
| 0:02 | Peasant |
| 0:03 | Peasant |
| 0:03 | Peasant |
| 0:08 | Farm |
| 0:12 | Altar of Kings |
| 0:37 | Barracks |
| 0:42 | Peasant |
| 0:50 | Farm |
| 0:59 | Peasant |
| 0:59 | Peasant |
| 1:36 | Scout Tower |
| 1:44 | Footman |
| 1:45 | Footman |
| 1:55 | Peasant |
| 1:55 | Peasant |
| 2:07 | Blacksmith |
| 2:12 | Arcane Tower |
| 2:26 | Footman |
| 2:49 | Summon Water Elemental |
| 3:23 | Farm |
| 3:27 | Keep |
| 4:46 | Brilliance Aura |
| 5:14 | Rifleman |
| 5:14 | Rifleman |
| 5:14 | Rifleman |
| 5:55 | Farm |
| 6:00 | Peasant |
| 6:00 | Peasant |
| 6:00 | Peasant |
| 6:10 | Rifleman |
| 6:20 | Long Rifles |
| 6:26 | Farm |
| 6:35 | Rifleman |
| 6:36 | Rifleman |
| 6:36 | Rifleman |
| 6:58 | Rifleman |
| 7:04 | Black Gunpowder |
| 7:28 | Summon Water Elemental |
| 7:32 | Rifleman |
| 7:32 | Rifleman |
| 8:05 | Arcane Vault |
| 8:14 | Farm |
| 8:15 | Farm |
| 8:19 | Farm |
| 8:22 | Farm |
| 8:23 | Farm |
| 8:52 | Arcane Sanctum |
| 9:27 | Farm |
| 9:29 | Farm |
| 9:38 | Priest |
| 9:38 | Priest |
| 10:41 | Holy Light |
| 10:43 | Potion of Healing |
| 10:43 | Potion of Healing |
| 10:44 | Scroll of Regeneration |
| 10:52 | Priest |
| 10:53 | Priest Adept Training |
| 11:13 | Brilliance Aura |
| 12:52 | Priest |
| 12:53 | Priest |
| 13:08 | Troll Batrider |
| 13:08 | Troll Batrider |
| 13:11 | Kodo Beast |
| 13:11 | Kodo Beast |
| 13:12 | Troll Batrider |
| 13:16 | Troll Headhunter |
| 13:16 | Troll Headhunter |
| 13:19 | Grunt |
| 13:19 | Grunt |
| 13:19 | Grunt |
| 13:24 | Priest |
| 14:06 | Grunt |
| 14:06 | Grunt |
| 14:09 | Kodo Beast |
| 14:09 | Kodo Beast |
| 14:10 | Troll Batrider |
| 14:23 | Priest |
| 14:27 | Farm |
| 14:41 | Rifleman |
| 14:42 | Rifleman |
| 15:57 | Divine Shield |
| 16:30 | Priest |
| 16:30 | Priest |
| 16:33 | Rifleman |
| 16:33 | Rifleman |
| 16:33 | Rifleman |
| 17:01 | Grunt |
| 17:01 | Grunt |
| 17:02 | Grunt |
| 17:03 | Wind Rider |
| 17:03 | Wind Rider |
| 17:09 | Priest |
| 17:09 | Priest |
| 17:11 | Rifleman |
| 17:11 | Rifleman |
| 17:11 | Rifleman |
| 17:19 | Refined Gunpowder |
| 17:19 | Studded Leather Armor |
| 17:25 | Priest |
| 19:12 | Barracks |
| 19:17 | Arcane Sanctum |
| 19:47 | Holy Light |
| 20:09 | Priest |
| 20:09 | Priest |
| 20:09 | Priest |
| 20:10 | Priest |
| 20:11 | Rifleman |
| 20:11 | Rifleman |
| 21:27 | Altar of Kings |
| 21:29 | Rifleman |
| 21:29 | Rifleman |
| 21:29 | Rifleman |
| 21:36 | Priest |
| 21:38 | Rifleman |
| 22:43 | Priest |
| 22:44 | Priest |
| 22:46 | Castle |
| 22:50 | Rifleman |
| 22:50 | Rifleman |
| Right click | 482 |
| Select | 372 |
| Build/train/purchase | 143 |
| Use ability | 20 |
| Assign group | 16 |
| Select group | 10 |
| Remove unit | 6 |
| Resource trade | 5 |

| Rod of Necromancy | 3 | 450 |
| Sacrificial Skull | 1 | 50 |
| Potion of Healing | 6 | 900 |
| Potion of Mana | 4 | 800 |
| Scroll of Town Portal | 4 | 1400 |
| Scroll of Healing | 3 | 750 |
| total: | 21 | 4350g |
| Acolyte | 19 | 1425 | / | 0 |
| Ghoul | 12 | 1440 | / | 0 |
| Crypt Fiend | 35 | 7525 | / | 1400 |
| Gargoyle | 14 | 2450 | / | 420 |
| Raider | 7 | 1260 | / | 280 |
| total: | 87 | 14100g | / | 2100w |
| Spirit Tower | 1 | 145 | / | 40 |
| Altar of Darkness | 1 | 180 | / | 50 |
| Ziggurat | 7 | 1050 | / | 350 |
| Crypt | 4 | 800 | / | 200 |
| Graveyard | 1 | 215 | / | 0 |
| Tomb of Relics | 1 | 130 | / | 30 |
| Halls of the Dead | 1 | 320 | / | 210 |
| Black Citadel | 2 | 650 | / | 460 |
| Orc Burrow | 3 | 480 | / | 120 |
| Great Hall | 1 | 385 | / | 185 |
| Beastiary | 4 | 580 | / | 560 |
| total: | 22 | 3820g | / | 1495w |
| 0:05 | Acolyte |
| 0:05 | Acolyte |
| 0:05 | Acolyte |
| 0:13 | Altar of Darkness |
| 0:19 | Ziggurat |
| 0:38 | Acolyte |
| 0:42 | Crypt |
| 0:52 | Acolyte |
| 0:52 | Acolyte |
| 0:52 | Acolyte |
| 1:13 | Graveyard |
| 1:29 | Ziggurat |
| 1:42 | Tomb of Relics |
| 1:52 | Ghoul |
| 1:52 | Ghoul |
| 1:52 | Ghoul |
| 2:09 | Ghoul |
| 2:15 | Acolyte |
| 2:15 | Acolyte |
| 2:30 | Carrion Beetles |
| 2:46 | Rod of Necromancy |
| 2:46 | Rod of Necromancy |
| 2:55 | Ghoul |
| 2:55 | Ghoul |
| 2:55 | Ghoul |
| 2:55 | Ghoul |
| 3:06 | Acolyte |
| 3:06 | Acolyte |
| 3:06 | Acolyte |
| 3:14 | Sacrificial Skull |
| 3:24 | Ghoul |
| 4:07 | Spiked Carapace |
| 4:26 | Halls of the Dead |
| 4:28 | Ghoul |
| 4:29 | Ghoul |
| 4:29 | Ghoul |
| 4:50 | Rod of Necromancy |
| 5:24 | Crypt |
| 5:26 | Creature Attack |
| 5:37 | Ziggurat |
| 5:55 | Ziggurat |
| 6:06 | Ziggurat |
| 6:11 | Crypt Fiend |
| 6:11 | Crypt Fiend |
| 6:12 | Crypt Fiend |
| 6:39 | Crypt Fiend |
| 6:39 | Crypt Fiend |
| 7:13 | Spiked Carapace |
| 7:39 | Crypt Fiend |
| 7:39 | Crypt Fiend |
| 7:39 | Crypt Fiend |
| 8:27 | Burrow |
| 8:35 | Black Citadel |
| 8:38 | Creature Carapace |
| 8:38 | Improved Creature Carapace |
| 9:20 | Crypt Fiend |
| 9:20 | Crypt Fiend |
| 9:20 | Crypt Fiend |
| 9:46 | Crypt |
| 9:48 | Improved Creature Attack |
| 9:48 | Advanced Creature Carapace |
| 10:32 | Crypt Fiend |
| 10:32 | Crypt Fiend |
| 10:32 | Crypt Fiend |
| 10:32 | Crypt Fiend |
| 10:59 | Carrion Beetles |
| 11:09 | Crypt Fiend |
| 11:09 | Crypt Fiend |
| 11:42 | Crypt Fiend |
| 11:42 | Crypt Fiend |
| 11:42 | Crypt Fiend |
| 12:48 | Crypt Fiend |
| 12:48 | Crypt Fiend |
| 12:48 | Crypt Fiend |
| 13:06 | Carrion Beetles |
| 13:23 | Web |
| 13:48 | Acolyte |
| 13:48 | Acolyte |
| 13:49 | Acolyte |
| 13:49 | Acolyte |
| 14:38 | Potion of Healing |
| 14:51 | Scroll of Town Portal |
| 14:51 | Scroll of Town Portal |
| 14:51 | Scroll of Town Portal |
| 15:44 | Crypt Fiend |
| 15:44 | Crypt Fiend |
| 15:44 | Crypt Fiend |
| 16:12 | Locust Swarm |
| 17:17 | Acolyte |
| 17:17 | Acolyte |
| 17:18 | Acolyte |
| 17:20 | Chain Lighting |
| 17:29 | Gargoyle |
| 17:29 | Gargoyle |
| 17:30 | Gargoyle |
| 17:47 | Gargoyle |
| 17:47 | Gargoyle |
| 17:48 | Gargoyle |
| 17:54 | Advanced Creature Attack |
| 18:25 | Gargoyle |
| 18:25 | Gargoyle |
| 18:25 | Gargoyle |
| 18:26 | Gargoyle |
| 18:42 | Gargoyle |
| 18:42 | Gargoyle |
| 18:42 | Gargoyle |
| 19:36 | Gargoyle |
| 20:07 | Potion of Mana |
| 20:08 | Potion of Mana |
| 20:15 | Crypt Fiend |
| 20:15 | Crypt Fiend |
| 20:15 | Crypt Fiend |
| 20:32 | Impale |
| 20:41 | Spirit Tower |
| 20:55 | Scroll of Town Portal |
| 21:48 | Crypt Fiend |
| 21:48 | Crypt Fiend |
| 21:49 | Crypt Fiend |
| 21:49 | Crypt Fiend |
| 21:49 | Crypt Fiend |
| 21:49 | Crypt Fiend |
| 21:53 | Ziggurat |
| 21:57 | Ziggurat |
| 22:37 | Beastiary |
| 22:40 | Beastiary |
| 22:42 | Beastiary |
| 22:45 | Orc Burrow |
| 22:48 | Orc Burrow |
| 22:51 | Orc Burrow |
| 22:56 | Beastiary |
| 23:11 | Crypt |
| 23:47 | Raider |
| 23:48 | Raider |
| 23:48 | Raider |
| 23:48 | Raider |
| 24:02 | Great Hall |
| 24:23 | Scroll of Healing |
| 24:23 | Scroll of Healing |
| 24:24 | Scroll of Healing |
| 25:08 | Potion of Healing |
| 25:08 | Potion of Healing |
| 25:09 | Potion of Healing |
| 25:09 | Potion of Healing |
| 25:09 | Potion of Healing |
| 25:12 | Potion of Mana |
| 25:13 | Potion of Mana |
| 25:30 | Raider |
| 25:30 | Raider |
| 25:30 | Raider |
| 25:31 | Pillage |
| Right click | 1772 |
| Select | 488 |
| Build/train/purchase | 220 |
| Misc. action | 97 |
| Assign group | 31 |
| Resource trade | 18 |
| Select group | 16 |
| Use ability | 9 |
| Remove unit | 8 |
| Item give/drop | 2 |
| Minimap ping | 1 |
222 units @ 34.3k
/ 5.7k
89 buildings @ 11.7k
/ 5k
BaDitO2
(31)
(25:49) : 
| Scroll of Regeneration | 4 | 400 |
| Potion of Healing | 2 | 300 |
| Potion of Mana | 1 | 200 |
| Lesser Clarity Potion | 1 | 70 |
| Scroll of Healing | 1 | 250 |
| Scroll of Town Portal | 5 | 1750 |
| total: | 14 | 2970g |
| Peasant | 22 | 1650 | / | 0 |
| Footman | 15 | 2025 | / | 0 |
| Flying Machine | 14 | 1400 | / | 420 |
| Siege Engine | 20 | 3900 | / | 1200 |
| total: | 71 | 8975g | / | 1620w |
| Scout Tower | 1 | 30 | / | 20 |
| Altar of Kings | 1 | 180 | / | 50 |
| Farm | 9 | 720 | / | 180 |
| Barracks | 1 | 160 | / | 60 |
| Arcane Vault | 1 | 130 | / | 30 |
| Town Hall | 1 | 385 | / | 205 |
| Lumber Mill | 1 | 120 | / | 0 |
| Blacksmith | 1 | 140 | / | 60 |
| Workshop | 4 | 560 | / | 560 |
| Keep | 1 | 320 | / | 210 |
| Castle | 1 | 360 | / | 210 |
| total: | 20 | 2425g | / | 1165w |
| 0:04 | Peasant |
| 0:04 | Peasant |
| 0:07 | Altar of Kings |
| 0:20 | Farm |
| 0:23 | Barracks |
| 0:25 | Peasant |
| 0:40 | Farm |
| 0:51 | Peasant |
| 0:57 | Peasant |
| 1:25 | Footman |
| 1:26 | Peasant |
| 1:31 | Footman |
| 1:35 | Farm |
| 2:00 | Peasant |
| 2:01 | Footman |
| 2:06 | Arcane Vault |
| 2:16 | Flame Strike |
| 2:20 | Footman |
| 2:22 | Peasant |
| 2:33 | Peasant |
| 2:50 | Footman |
| 2:57 | Peasant |
| 3:03 | Peasant |
| 3:33 | Peasant |
| 3:52 | Siphon Mana |
| 4:02 | Town Hall |
| 4:05 | Peasant |
| 4:05 | Peasant |
| 4:17 | Farm |
| 4:19 | Scroll of Regeneration |
| 5:08 | Lumber Mill |
| 5:10 | Footman |
| 5:13 | Peasant |
| 5:13 | Peasant |
| 5:13 | Peasant |
| 5:55 | Peasant |
| 5:55 | Peasant |
| 6:05 | Footman |
| 6:05 | Footman |
| 6:06 | Footman |
| 6:12 | Keep |
| 6:29 | Footman |
| 6:32 | Peasant |
| 6:32 | Peasant |
| 6:32 | Peasant |
| 6:54 | Footman |
| 6:59 | Blacksmith |
| 7:03 | Flame Strike |
| 7:06 | Footman |
| 7:07 | Footman |
| 7:26 | Footman |
| 8:20 | Black Gunpowder |
| 8:20 | Iron Plating |
| 8:33 | Scroll of Healing |
| 8:42 | Castle |
| 8:44 | Workshop |
| 8:46 | Workshop |
| 8:49 | Workshop |
| 9:04 | Defend |
| 9:50 | Workshop |
| 10:22 | Scroll of Town Portal |
| 10:36 | Flak Cannons |
| 10:38 | Refined Gunpowder |
| 10:58 | Siphon Mana |
| 11:16 | Footman |
| 11:18 | Flying Machine Bombs |
| 11:25 | Scroll of Town Portal |
| 11:26 | Potion of Healing |
| 11:27 | Potion of Mana |
| 11:30 | Scroll of Regeneration |
| 11:31 | Lesser Clarity Potion |
| 11:36 | Flying Machine |
| 11:37 | Flying Machine |
| 11:37 | Flying Machine |
| 11:50 | Flying Machine |
| 12:09 | Flying Machine |
| 12:17 | Flying Machine |
| 12:33 | Flying Machine |
| 12:43 | Flying Machine |
| 12:51 | Flying Machine |
| 12:59 | Farm |
| 13:00 | Farm |
| 13:00 | Farm |
| 13:18 | Flying Machine |
| 13:35 | Flying Machine |
| 13:45 | Flying Machine |
| 13:49 | Farm |
| 13:50 | Farm |
| 14:15 | Improved Lumber Harvesting |
| 14:27 | Flying Machine |
| 14:29 | Steel Plating |
| 14:37 | Scroll of Town Portal |
| 14:38 | Scroll of Regeneration |
| 15:31 | Siege Engine |
| 15:34 | Flame Strike |
| 15:50 | Siege Engine |
| 16:14 | Siege Engine |
| 16:51 | Siege Engine |
| 17:34 | Siege Engine |
| 17:49 | Siege Engine |
| 18:11 | Siege Engine |
| 18:28 | Siege Engine |
| 18:44 | Siege Engine |
| 19:10 | Siege Engine |
| 19:25 | Siege Engine |
| 19:41 | Siege Engine |
| 20:01 | Siege Engine |
| 20:01 | Siege Engine |
| 20:06 | Scroll of Town Portal |
| 20:07 | Potion of Healing |
| 20:23 | Siege Engine |
| 20:33 | Summon Phoenix |
| 21:05 | Siege Engine |
| 21:06 | Siege Engine |
| 21:09 | Siphon Mana |
| 21:19 | Barrage |
| 21:26 | Scroll of Town Portal |
| 21:46 | Imbued Gunpowder |
| 22:16 | Siege Engine |
| 22:29 | Scroll of Regeneration |
| 23:18 | Flying Machine |
| 24:22 | Siege Engine |
| 24:49 | Banish |
| 25:10 | Siege Engine |
| 25:43 | Scout Tower |
| Right click | 955 |
| Select | 301 |
| Select group | 276 |
| Build/train/purchase | 136 |
| Chat | 109 |
| Misc. action | 68 |
| Use ability | 59 |
| Assign group | 43 |
| Minimap ping | 14 |
| Esc | 8 |
| Resource trade | 7 |

| Sacrificial Skull | 1 | 50 |
| Scroll of Town Portal | 1 | 350 |
| total: | 2 | 400g |
| Acolyte | 13 | 975 | / | 0 |
| Ghoul | 12 | 1440 | / | 0 |
| Crypt Fiend | 22 | 4730 | / | 880 |
| Frost Wyrm | 10 | 3850 | / | 1200 |
| total: | 57 | 10995g | / | 2080w |
| Nerubian Tower | 7 | 700 | / | 140 |
| Crypt | 1 | 200 | / | 50 |
| Altar of Darkness | 2 | 360 | / | 100 |
| Ziggurat | 14 | 2100 | / | 700 |
| Graveyard | 1 | 215 | / | 0 |
| Tomb of Relics | 3 | 390 | / | 90 |
| Sacrificial Pit | 1 | 75 | / | 150 |
| Boneyard | 3 | 525 | / | 600 |
| Halls of the Dead | 1 | 320 | / | 210 |
| Black Citadel | 1 | 325 | / | 230 |
| total: | 25 | 3865g | / | 1690w |
| 0:06 | Acolyte |
| 0:23 | Crypt |
| 0:25 | Altar of Darkness |
| 0:29 | Ziggurat |
| 0:34 | Acolyte |
| 1:03 | Graveyard |
| 1:24 | Ghoul |
| 1:28 | Ghoul |
| 1:36 | Nerubian Tower |
| 1:56 | Ziggurat |
| 2:04 | Ghoul |
| 2:17 | Ghoul |
| 2:25 | Death Coil |
| 2:34 | Tomb of Relics |
| 2:54 | Crypt Fiend |
| 3:11 | Ziggurat |
| 3:36 | Acolyte |
| 3:36 | Acolyte |
| 3:37 | Acolyte |
| 4:02 | Acolyte |
| 4:02 | Acolyte |
| 4:11 | Ghoul |
| 4:13 | Ghoul |
| 4:35 | Unholy Aura |
| 5:00 | Nerubian Tower |
| 5:06 | Crypt Fiend |
| 5:07 | Crypt Fiend |
| 6:04 | Acolyte |
| 6:10 | Tomb of Relics |
| 6:26 | Ghoul |
| 6:46 | Halls of the Dead |
| 6:55 | Crypt Fiend |
| 7:58 | Crypt Fiend |
| 8:07 | Sacrificial Skull |
| 8:23 | Crypt Fiend |
| 8:41 | Ziggurat |
| 8:43 | Ziggurat |
| 8:44 | Ziggurat |
| 8:56 | Crypt Fiend |
| 9:12 | Ziggurat |
| 9:22 | Sacrificial Pit |
| 9:33 | Nerubian Tower |
| 9:39 | Nerubian Tower |
| 9:56 | Nerubian Tower |
| 10:27 | Black Citadel |
| 11:35 | Nerubian Tower |
| 12:27 | Death Coil |
| 12:35 | Crypt Fiend |
| 12:35 | Crypt Fiend |
| 12:35 | Crypt Fiend |
| 12:36 | Crypt Fiend |
| 12:56 | Ghoul |
| 12:57 | Ghoul |
| 12:57 | Ghoul |
| 12:57 | Ghoul |
| 12:57 | Ghoul |
| 13:01 | Altar of Darkness |
| 13:04 | Boneyard |
| 13:06 | Boneyard |
| 13:19 | Ziggurat |
| 13:22 | Ziggurat |
| 13:26 | Tomb of Relics |
| 14:10 | Acolyte |
| 14:10 | Acolyte |
| 14:10 | Acolyte |
| 14:11 | Acolyte |
| 14:11 | Acolyte |
| 14:27 | Frost Wyrm |
| 14:55 | Frost Wyrm |
| 14:59 | Crypt Fiend |
| 14:59 | Crypt Fiend |
| 15:11 | Web |
| 15:37 | Ziggurat |
| 15:42 | Ziggurat |
| 16:06 | Scroll of Town Portal |
| 16:44 | Frost Wyrm |
| 17:05 | Crypt Fiend |
| 17:12 | Ziggurat |
| 17:26 | Boneyard |
| 17:58 | Frost Wyrm |
| 18:06 | Death Pact |
| 18:15 | Crypt Fiend |
| 18:28 | Crypt Fiend |
| 18:59 | Creature Attack |
| 18:59 | Creature Carapace |
| 19:01 | Improved Creature Attack |
| 19:09 | Ziggurat |
| 19:11 | Ziggurat |
| 19:18 | Crypt Fiend |
| 19:43 | Nerubian Tower |
| 20:23 | Death Coil |
| 20:26 | Frost Wyrm |
| 20:27 | Frost Wyrm |
| 21:09 | Animate Dead |
| 21:26 | Frost Wyrm |
| 21:28 | Crypt Fiend |
| 21:31 | Crypt Fiend |
| 21:51 | Frost Wyrm |
| 21:59 | Crypt Fiend |
| 22:32 | Crypt Fiend |
| 23:23 | Frost Wyrm |
| 23:50 | Crypt Fiend |
| 24:21 | Improved Creature Carapace |
| 24:46 | Unholy Aura |
| 25:20 | Unholy Aura |
| 25:31 | Freezing Breath |
| 25:32 | Frost Wyrm |
| 25:49 | Advanced Creature Carapace |
| Right click | 370 |
| Select | 275 |
| Select group | 225 |
| Build/train/purchase | 88 |
| Assign group | 41 |
| Chat | 32 |
| Use ability | 31 |
| Minimap ping | 16 |
| Esc | 5 |
| Remove unit | 4 |
| Item give/drop | 1 |

| Scroll of Regeneration | 3 | 300 |
| Lesser Clarity Potion | 3 | 210 |
| Potion of Healing | 2 | 300 |
| Potion of Mana | 2 | 400 |
| Scroll of Town Portal | 3 | 1050 |
| total: | 13 | 2260g |
| Peasant | 12 | 900 | / | 0 |
| Footman | 2 | 270 | / | 0 |
| Rifleman | 24 | 4920 | / | 720 |
| Priest | 9 | 1215 | / | 90 |
| Mortar Team | 11 | 1980 | / | 770 |
| Sorceress | 5 | 775 | / | 100 |
| total: | 63 | 10060g | / | 1680w |
| Scout Tower | 8 | 240 | / | 160 |
| Arcane Tower | 4 | 280 | / | 200 |
| Guard Tower | 4 | 280 | / | 200 |
| Altar of Kings | 1 | 180 | / | 50 |
| Farm | 15 | 1200 | / | 300 |
| Barracks | 1 | 160 | / | 60 |
| Arcane Vault | 1 | 130 | / | 30 |
| Blacksmith | 1 | 140 | / | 60 |
| Lumber Mill | 1 | 120 | / | 0 |
| Town Hall | 3 | 1155 | / | 615 |
| Arcane Sanctum | 1 | 150 | / | 140 |
| Workshop | 1 | 140 | / | 140 |
| Keep | 1 | 320 | / | 210 |
| Castle | 1 | 360 | / | 210 |
| total: | 33 | 3615g | / | 1555w |
| 0:12 | Peasant |
| 0:12 | Peasant |
| 0:12 | Peasant |
| 0:15 | Altar of Kings |
| 0:31 | Farm |
| 0:34 | Peasant |
| 0:34 | Peasant |
| 0:34 | Peasant |
| 0:53 | Farm |
| 1:09 | Peasant |
| 1:21 | Peasant |
| 1:34 | Barracks |
| 1:37 | Peasant |
| 1:41 | Farm |
| 1:52 | Arcane Vault |
| 2:05 | Peasant |
| 2:05 | Peasant |
| 2:18 | Summon Water Elemental |
| 2:29 | Scout Tower |
| 2:38 | Blacksmith |
| 2:39 | Footman |
| 3:03 | Arcane Tower |
| 3:10 | Farm |
| 3:12 | Footman |
| 5:05 | Keep |
| 5:06 | Rifleman |
| 5:06 | Rifleman |
| 5:14 | Lumber Mill |
| 5:18 | Scout Tower |
| 5:29 | Scroll of Regeneration |
| 5:29 | Lesser Clarity Potion |
| 5:30 | Lesser Clarity Potion |
| 6:30 | Brilliance Aura |
| 6:49 | Rifleman |
| 6:49 | Rifleman |
| 6:49 | Rifleman |
| 6:52 | Guard Tower |
| 6:56 | Town Hall |
| 6:58 | Scout Tower |
| 6:59 | Scout Tower |
| 7:00 | Scout Tower |
| 7:04 | Scout Tower |
| 7:24 | Scout Tower |
| 7:25 | Scout Tower |
| 7:31 | Guard Tower |
| 7:32 | Arcane Tower |
| 7:37 | Improved Lumber Harvesting |
| 7:40 | Arcane Sanctum |
| 7:48 | Farm |
| 8:06 | Guard Tower |
| 8:22 | Arcane Tower |
| 8:24 | Guard Tower |
| 8:42 | Arcane Tower |
| 8:47 | Peasant |
| 9:23 | Brilliance Aura |
| 9:30 | Priest Adept Training |
| 9:30 | Priest |
| 9:31 | Priest |
| 10:14 | Scroll of Town Portal |
| 10:15 | Potion of Healing |
| 10:27 | Long Rifles |
| 10:28 | Rifleman |
| 10:28 | Rifleman |
| 10:28 | Rifleman |
| 10:35 | Workshop |
| 11:07 | Potion of Mana |
| 11:23 | Black Gunpowder |
| 11:26 | Rifleman |
| 11:51 | Mortar Team |
| 11:51 | Mortar Team |
| 11:51 | Mortar Team |
| 11:57 | Farm |
| 11:57 | Farm |
| 12:25 | Blizzard |
| 12:33 | Potion of Mana |
| 13:20 | Sorceress Adept Training |
| 13:21 | Sorceress |
| 13:21 | Sorceress |
| 13:21 | Priest |
| 13:22 | Priest |
| 13:39 | Mortar Team |
| 13:39 | Mortar Team |
| 13:41 | Rifleman |
| 13:42 | Rifleman |
| 14:33 | Scroll of Regeneration |
| 14:39 | Studded Leather Armor |
| 15:46 | Rifleman |
| 15:46 | Rifleman |
| 15:46 | Rifleman |
| 15:46 | Rifleman |
| 16:17 | Brilliance Aura |
| 16:49 | Sorceress |
| 16:50 | Priest |
| 16:50 | Priest |
| 17:02 | Rifleman |
| 17:02 | Rifleman |
| 17:03 | Mortar Team |
| 17:03 | Mortar Team |
| 17:03 | Mortar Team |
| 17:05 | Castle |
| 17:08 | Scroll of Town Portal |
| 17:14 | Potion of Healing |
| 17:15 | Lesser Clarity Potion |
| 17:20 | Sorceress |
| 17:20 | Sorceress |
| 17:23 | Refined Gunpowder |
| 17:25 | Rifleman |
| 17:25 | Rifleman |
| 17:25 | Rifleman |
| 17:26 | Rifleman |
| 18:49 | Farm |
| 18:50 | Farm |
| 18:50 | Farm |
| 18:51 | Farm |
| 18:56 | Farm |
| 18:57 | Farm |
| 19:02 | Farm |
| 19:02 | Farm |
| 19:50 | Mortar Team |
| 19:50 | Mortar Team |
| 19:51 | Mortar Team |
| 21:11 | Mass Teleport |
| 21:22 | Town Hall |
| 21:34 | Priest |
| 21:34 | Priest |
| 21:34 | Priest |
| 22:23 | Scroll of Town Portal |
| 22:26 | Scroll of Regeneration |
| 24:04 | Summon Water Elemental |
| 24:07 | Rifleman |
| 24:07 | Rifleman |
| 24:07 | Rifleman |
| 25:16 | Town Hall |
| 25:24 | Imbued Gunpowder |
| Right click | 769 |
| Select | 313 |
| Chat | 188 |
| Build/train/purchase | 137 |
| Use ability | 12 |
| Resource trade | 10 |
| Minimap ping | 2 |
| Misc. action | 1 |
| Item give/drop | 1 |


| Potion of Healing | 8 | 1200 |
| Scroll of Town Portal | 1 | 350 |
| Scroll of Healing | 1 | 250 |
| Potion of Lesser Invulnerability | 1 | 150 |
| Scroll of Protection | 1 | 150 |
| Staff of Teleportation | 1 | 150 |
| total: | 13 | 2250g |
| Wisp | 10 | 600 | / | 0 |
| Huntress | 14 | 2730 | / | 280 |
| Archer | 7 | 910 | / | 70 |
| total: | 31 | 4240g | / | 350w |
| Altar of Elders | 1 | 180 | / | 50 |
| Moon Well | 5 | 900 | / | 200 |
| Hunter's Hall | 1 | 210 | / | 100 |
| Ancient of War | 3 | 450 | / | 180 |
| Ancient of Wonders | 1 | 90 | / | 30 |
| Tree of Ages | 1 | 320 | / | 180 |
| total: | 11 | 1830g | / | 560w |
| 0:04 | Altar of Elders |
| 0:07 | Moon Well |
| 0:11 | Wisp |
| 0:11 | Wisp |
| 0:23 | Wisp |
| 0:34 | Wisp |
| 0:34 | Wisp |
| 0:58 | Wisp |
| 0:59 | Wisp |
| 1:00 | Wisp |
| 1:30 | Hunter's Hall |
| 2:03 | Ancient of War |
| 2:07 | Ancient of War |
| 2:10 | Scout |
| 2:28 | Moon Well |
| 2:50 | Moon Well |
| 3:10 | Huntress |
| 3:17 | Moon Well |
| 3:26 | Huntress |
| 3:56 | Huntress |
| 4:25 | Huntress |
| 5:02 | Tree of Ages |
| 5:13 | Ancient of Wonders |
| 5:34 | Huntress |
| 5:44 | Moon Armor |
| 6:05 | Huntress |
| 6:33 | Huntress |
| 6:51 | Sentinel |
| 7:05 | Huntress |
| 7:40 | Moon Glaive |
| 7:40 | Huntress |
| 8:08 | Huntress |
| 8:15 | Trueshot Aura |
| 8:35 | Improved Moon Armor |
| 9:40 | Moon Well |
| 10:20 | Evasion |
| 10:25 | Strength of the Moon |
| 10:38 | Huntress |
| 10:53 | Huntress |
| 10:53 | Huntress |
| 12:14 | Potion of Healing |
| 12:14 | Potion of Healing |
| 12:20 | Huntress |
| 12:46 | Archer |
| 12:46 | Archer |
| 12:47 | Improved Bows |
| 13:23 | Archer |
| 13:23 | Archer |
| 13:39 | Trueshot Aura |
| 13:53 | Potion of Healing |
| 13:58 | Immolation |
| 14:07 | Ancient of War |
| 14:35 | Archer |
| 14:36 | Archer |
| 14:54 | Archer |
| 15:53 | Wisp |
| 15:53 | Wisp |
| 16:23 | Potion of Healing |
| 17:12 | Scout |
| 17:19 | Potion of Healing |
| 18:01 | Potion of Healing |
| 19:08 | Scroll of Town Portal |
| 21:14 | Trueshot Aura |
| 22:52 | Potion of Lesser Invulnerability |
| 22:52 | Scroll of Healing |
| 22:53 | Scroll of Protection |
| 23:00 | Staff of Teleportation |
| 23:56 | Potion of Healing |
| 23:56 | Potion of Healing |
| 25:23 | Starfall |
| Right click | 402 |
| Select group | 384 |
| Select | 251 |
| Build/train/purchase | 110 |
| Misc. action | 55 |
| Assign group | 36 |
| Use ability | 30 |
| Esc | 2 |
| Minimap ping | 2 |
| Item give/drop | 1 |
⇛